 Dungeon Crawl Stone Soup version 0.26.1-11-gd32895ea62 (webtiles) character file.

Game seed: 4419560178619275181

2011 mankey1987 the Cruncher (level 9, -6/103 HPs)
             Began as a Human Gladiator on May 28, 2021.
             Was a Priest of Trog.
             Splashed by a jelly's acid (9 damage)
             ... on level 7 of the Dungeon.
             The game lasted 00:11:05 (6970 turns).

mankey1987 the Cruncher (Human Gladiator)           Turns: 6970, Time: 00:11:07

Health: -6/103     AC: 20    Str: 17    XL:     9   Next: 46%
Magic:  9/9        EV:  2    Int:  8    God:    Trog [***...]
Gold:   418        SH:  0    Dex: 16    Spells: 8/8 levels left

rFire    + . .     SeeInvis .   a - +0 quarterstaff
rCold    x . .     Faith    .   (shield currently unavailable)
rNeg     + + +     Spirit   .   (armour currently unavailable)
rPois    +         Reflect  .   (helmet currently unavailable)
rElec    .         Harm     .   (cloak currently unavailable)
rCorr    .         Rampage  .   (gloves currently unavailable)
Will     .....     NoTele   +   (boots currently unavailable)
Stlth    ++........             (no amulet)
HPRegen  0.27/turn              o - ring of stealth
MPRegen  0.11/turn              B - ring of fire

@: mighty, tree-form, corroded, berserk cooldown, attractive, slowed, very slow
A: no striking features
a: Renounce Religion, Berserk, Trog's Hand


You were on level 7 of the Dungeon.
You worshipped Trog.
Trog was most pleased with you.
You were a tree.
You visited 1 branch of the dungeon, and saw 7 of its levels.

You collected 418 gold pieces.

Inventory:

Hand Weapons
 a - a +0 quarterstaff (weapon)
Missiles
 d - 3 throwing nets (quivered)
Armour
 e - a +0 pair of boots (melded)
 f - a +0 cloak (melded)
 m - a +2 helmet (melded)
 q - a +0 plate armour
 t - +0 swamp dragon scales (melded)
Jewellery
 o - a ring of stealth (left branch)
 B - a ring of fire (right branch)
 F - an uncursed ring of ice
 H - an uncursed amulet of regeneration {unknown}
 I - a +4 ring of evasion {unknown}
Wands
 k - a wand of iceblast (7)
 E - a wand of paralysis (13)
Scrolls
 b - 3 scrolls of teleportation
 j - a scroll of immolation
 p - 2 scrolls of identify
 r - a scroll of amnesia {unknown}
 s - 3 scrolls of fog
 x - 3 scrolls of remove curse {unknown}
 y - 2 scrolls of noise {unknown}
 z - 4 scrolls of fear {unknown}
 A - 3 scrolls of magic mapping {unknown}
 C - a scroll of random uselessness {unknown}
 D - a scroll of enchant weapon {unknown}
 G - 2 scrolls of blinking
Potions
 g - a potion of lignification
 i - a potion of invisibility {unknown}
 l - a potion of curing {unknown}
 n - 2 potions of degeneration {unknown}
 u - a potion of berserk rage {unknown}
 v - a potion of flight {unknown}
 w - 2 potions of heal wounds {unknown}


   Skills:
 + Level 6.2 Fighting
 * Level 8.9 Staves
 - Level 2.0 Throwing
 + Level 5.7 Armour
 - Level 3.0 Dodging


You had 8 spell levels left.
You didn't know any spells.
Your spell library was empty.

Dungeon Overview and Level Annotations

Branches:
Dungeon (7/15)             Temple (0/1) D:5

Altars:
Dithmenos
Gozag
Trog
Vehumet
Xom


Message History

The jelly is severely wounded.
The jelly hits you but does no damage. x2
You hit the jelly but do no damage.
Your branches burn!
* * * LOW HITPOINT WARNING * * *
The jelly is severely wounded.
The jelly hits you.
* * * LOW HITPOINT WARNING * * *
You are splashed with acid!
* * * LOW HITPOINT WARNING * * *
You completely miss the jelly.
The jelly is severely wounded.
The jelly hits you but does no damage.
It was a potion of might.
You feel very mighty all of a sudden. The jelly barely misses you.
The jelly jiggles.
The jelly hits you.
* * * LOW HITPOINT WARNING * * *
The acid corrodes you!
You are splashed with acid!
You die...

.<#....#..######....#
.......#..## #....#
#......#...# #....#
#......#...#
#...?####
########...# #.......
#..)#####(#..#####
#....)...(.......K
##.#.####J#.......
#.#..# #♣##.#####
#.##.# #)# .# #.# .#
#)# # # #.# .. #)#
#### #.# #.##(# ...#
#.# .##)# ...# #.#
#.#
...######.##....(#
...#......##.....#


You could see a jelly.

Vanquished Creatures
  A troll (D:7)
  An orc warrior (D:7)
  2 ogres
  A phantom (D:5)
  A necrophage (D:7)
  4 centaurs
  A big kobold (D:7)
  2 bullfrogs (D:7)
  A scorpion (D:5)
  A water moccasin skeleton (D:7)
  2 bullfrog zombies (D:6)
  An orc priest (D:6)
  A hound (D:6)
  3 orc wizards
  A centaur skeleton (D:4)
  An iguana (D:4)
  4 worker ants
  A killer bee zombie (D:6)
  2 hound skeletons
  A worker ant zombie (D:5)
  5 gnolls
  14 adders
  A shadow imp (D:6)
  5 white imps
  An ufetubus (D:4)
  An adder skeleton (D:5)
  4 dart slugs (D:1)
  A worm (D:2)
  7 leopard geckos
  23 orcs
  3 bats
  4 giant cockroaches
  15 goblins
  7 hobgoblins
  16 jackals
  14 kobolds
  4 quokkas
  2 ball pythons
  12 frilled lizards
  A quokka skeleton (D:4)
  4 rats
176 creatures vanquished.

Notes
Turn   | Place    | Note
-------+----------+-------------------------------------------
     0 | D:1      | mankey1987 the Human Gladiator began the quest for the Orb.
     0 | D:1      | Reached XP level 1. HP: 16/16 MP: 1/1
   317 | D:1      | Reached XP level 2. HP: 22/22 MP: 2/2
   470 | D:1      | Reached skill level 1 in Armour
   470 | D:1      | Reached XP level 3. HP: 27/27 MP: 3/3
   908 | D:1      | Reached XP level 4. HP: 30/34 MP: 4/4
  1196 | D:2      | Found a shadowy altar of Dithmenos.
  1218 | D:2      | Found a radiant altar of Vehumet.
  1223 | D:2      | Found a bloodstained altar of Trog.
  1255 | D:2      | Became a worshipper of Trog the Wrathful
  1464 | D:2      | Reached skill level 4 in Staves
  2148 | D:3      | Reached XP level 5. HP: 40/40 MP: 5/5
  2455 | D:3      | Reached * piety under Trog
  2458 | D:3      | Reached XP level 6. HP: 27/47 MP: 6/6
  3048 | D:4      | Reached skill level 5 in Staves
  3066 | D:4      | Found a shimmering altar of Xom.
  3071 | D:4      | Found a shimmering altar of Xom.
  3072 | D:4      | Found a shimmering altar of Xom.
  3072 | D:4      | Found a shimmering altar of Xom.
  3075 | D:4      | Found a shimmering altar of Xom.
  3082 | D:4      | Found a shimmering altar of Xom.
  3082 | D:4      | Found a shimmering altar of Xom.
  4060 | D:5      | Entered Level 5 of the Dungeon
  4061 | D:5      | Noticed a phantom
  4193 | D:5      | Killed a phantom
  4194 | D:5      | Reached XP level 7. HP: 53/53 MP: 7/7
  4208 | D:5      | Reached ** piety under Trog
  4212 | D:5      | Reached skill level 6 in Staves
  4807 | D:5      | Found a staircase to the Ecumenical Temple.
  5060 | D:6      | Reached XP level 8. HP: 57/61 MP: 8/8
  5188 | D:6      | Reached skill level 7 in Staves
  5302 | D:6      | Reached skill level 5 in Fighting
  5741 | D:6      | Found an opulent altar of Gozag.
  6386 | D:7      | Reached *** piety under Trog
  6447 | D:7      | Noticed a troll
  6457 | D:7      | Killed a troll
  6458 | D:7      | Reached skill level 8 in Staves
  6458 | D:7      | Reached skill level 5 in Armour
  6458 | D:7      | Reached XP level 9. HP: 69/69 MP: 9/9
  6544 | D:7      | Got a jewelled leather armour
  6545 | D:7      | Identified the +0 leather armour of Titiak {rN+++ MP-9
                  | Dex+2 Stlth+} (You found it on level 7 of the Dungeon)
  6968 | D:7      | HP: 4/103 [acid (8)]
  6970 | D:7      | Splashed by a jelly's acid

Illustrated notes

Levels and vault maps discovered:
D:1:      dpeg_arrival_round_b, layout_basic
D:2:      layout_loops_ring, grunt_temple_overflow_open
D:3:      layout_loops_ring, grunt_ministairs_2, kennysheep_crisscross
D:4:      layout_loops_ring, nicolae_xom_altar_mimics
D:5:      layout_rooms, minmay_temple_entry_junction
D:6:      layout_basic, chequers_serial_rivers_large_b,
          nicolae_gozag_seed_capital
D:7:      minmay_the_grid_triangle_9x9_rhombus_thin
          [minmay_the_grid_triangle_9x9_sparse_checkered,
          minmay_the_grid_triangle_9x9_prize_schism,
          minmay_the_grid_triangle_9x9_corruption,
          minmay_the_grid_triangle_9x9_from_above], layout_basic, serial_shops,
          shop

Skill      XL: |  1  2  3  4  5  6  7  8  9 |
---------------+----------------------------+-----
Armour         | 1 2 3 5 |  5.7
Staves         | 4 5 6 8 |  8.9
Fighting       | 3 4 5 6 |  6.2
Throwing       | |  2.0
Dodging        | |  3.0

Action                   |  1- 3 |  4- 6 |  7- 9 || total
-------------------------+-------+-------+-------++-------
Melee: Quarterstaff      |    81 |   297 |   304 ||   682
Invok: Berserk           |       |     2 |     5 ||     7
       Trog's Hand       |       |       |     1 ||     1
Evoke: Wand              |       |       |     1 ||     1
  Use: Potion            |       |     1 |     3 ||     4
       Scroll            |       |       |     9 ||     9
 Stab: Sleeping          |       |     1 |     2 ||     3
Armor: Leather armour    |    24 |     6 |       ||    30
       Plate armour      |       |    68 |       ||    68
       Swamp dragon scal |       |   113 |   145 ||   258
       Skin              |       |       |    21 ||    21
Dodge: Dodged            |    47 |   225 |   236 ||   508
